NULL
Full Scoreboard »»

Kraken vs Kings

Created - January 31, 2024 at 20:52

Goals
1 2 3 T
Kraken 0 1 0 1
Kings 1 2 1 4
Shots
1 2 3 T
Kraken 8 21 19 48
Kings 7 5 22 34

GoalsPenalties
1st period
1. Kings , Aleksander Barkov 9 (Patrik Laine 10) at 0:06
Yanni Gourde (LAK) for Hooking (Minor) at 1:01
2nd period
2. Kings , Ryan Donato 5 (Matvei Michkov 8, Oscar Klefbom 7) at 14:52
3. Kings , William Karlsson 8 (Rickard Rakell 11, Vladislav Gavrikov 10) at 17:48
4. Kraken , Blake Coleman 13 (Morgan Frost 7) at 18:06
Vladislav Gavrikov (LAK) for Interference (Minor) at 0:22
Jonas Siegenthaler (SEA) for Holding (Minor) at 7:34
Gustav Forsling (LAK) for Interference (Minor) at 19:10
3rd period
5. Kings , Kevin Fiala 10 (Aleksander Barkov 12, Patrik Laine 11) at 1:33
Nicolas Hague (SEA) for Holding (Minor) at 5:11
Oscar Klefbom (LAK) for Interference (Minor) at 5:51
Pavel Zacha (SEA) for Tripping (Minor) at 9:30
Artturi Lehkonen (SEA) for Holding (Minor) at 17:44
Goalie Stats
Tristan Jarry (SEA), 30 saves from 34 shots - (0.882), L, 13-8-3, 60:00 minutes
Anton Forsberg (LAK), 47 saves from 48 shots - (0.979), W, 5-3-0, 60:00 minutes
3 StarsOfficial
1 - Anton Forsberg (LAK)
2 - Aleksander Barkov (LAK)
3 - Kevin Fiala (LAK)
Referees : Unknown
Linesman : Unknown
Game Note
No Game Note



Team Name Goals Shots Shots Attemp Shots Blocked PIM HIT PP PK FO%
Kraken 1488878190 / 4 (0%)044%
Kings 43463188360 / 4 (0%)056%

Kraken
Player Name POS G A P +/- PIM HIT SHT SB MP PP MP PP SHT PK MP PK SHT FO% FOT GA TA
Andrei SvechnikovLW/RW000-1023116:214:3100:0200% 000
Artturi LehkonenLW/RW000-1237115:132:1310:0200% 130
Blake ColemanC/LW/RW1010016016:500:0103:2600% 210
Brandon SaadLW/RW0000015018:221:4703:09133% 300
Brenden DillonD0000035021:020:0003:3500% 001
Jake SandersonD000-1000012:340:0000:0000% 000
Jesperi KotkaniemiC/LW000-102309:300:0100:00033% 600
Jonas SiegenthalerD000-2200119:230:0002:2700% 000
Keegan KolesarRW000-101008:440:2000:0000% 000
Kirill KaprizovLW000-1010015:084:0400:0000% 000
Morgan FrostC0110012021:152:3203:09054% 2400
Nicolas HagueD000-2214119:210:1903:1600% 003
Noah DobsonD0000021026:394:5003:1400% 010
Pavel ZachaC/LW000-1201115:062:1300:00029% 711
Roope HintzC/LW000-1005118:284:0413:26139% 1800
Tanner JeannotLW/RW000-100419:170:0000:0000% 000
Travis SanheimD000-1010014:402:0600:4200% 000
Valeri NichushkinLW/RW000-1002014:074:0400:000100% 300
Kings
Player Name POS G A P +/- PIM HIT SHT SB MP PP MP PP SHT PK MP PK SHT FO% FOT GA TA
Aleksander BarkovC1122015316:152:5820:33050% 1400
Anze KopitarC0000035020:193:3903:00059% 2911
Gabriel VilardiC0000010110:160:0000:4500% 403
Gustav ForslingD0001210320:203:2803:0300% 000
Ilya LyubushkinD0000022017:420:0001:0100% 010
Joel HanleyD0000040015:310:0000:0000% 000
Kevin FialaC/LW/RW1012061015:442:5800:1300% 000
Kirill MarchenkoRW000002109:220:0000:0000% 002
Matvei MichkovRW0111003110:350:0000:000100% 100
Michael McCarronC000003009:220:0000:0000% 000
Noah HanifinD0002012221:453:2813:1310% 000
Oscar KlefbomD0111230020:403:0803:2300% 010
Patrik LaineLW/RW0222000116:163:3900:000100% 300
Rickard RakellC/LW/RW0110012216:172:5800:0000% 000
Ryan DonatoC/LW/RW1011012013:570:0003:2400% 100
Vladislav GavrikovD0112212323:543:0902:3400% 000
William KarlssonC/LW/RW1010035220:303:3912:440100% 120
Yanni GourdeC/LW/RW0001234013:150:0002:35064% 1100

Kraken

5 vs 5 Forward
Line #Left WingCenterRight WingPHYDFOFWanted %Time %Time Play
1Kirill KaprizovRoope HintzAndrei Svechnikov0143028%12:32
2Valeri NichushkinPavel ZachaArtturi Lehkonen0233029%13:06
3Brandon SaadMorgan FrostBlake Coleman0233028%12:38
4Tanner JeannotJesperi KotkaniemiKeegan Kolesar1221016%7:11
5 vs 5 Defense
Line #DefenseDefensePHYDFOFWanted %Time %Time Play
1Brenden DillonNoah Dobson0323841%18:39
2Jonas SiegenthalerNicolas Hague0323235%15:46
3Travis SanheimJake Sanderson0322524%10:44
4Brenden DillonNoah Dobson03251%0:18
Power Play Forward
Line #Left WingCenterRight WingPHYDFOFWanted %Time %Time Play
1Kirill KaprizovRoope HintzValeri Nichushkin0145061%4:04
2Pavel ZachaMorgan FrostArtturi Lehkonen0145039%2:33
Power Play Defense
Line #DefenseDefensePHYDFOFWanted %Time %Time Play
1Andrei SvechnikovNoah Dobson0146068%4:31
2Travis SanheimBrandon Saad0144032%2:06
Penalty Kill 4 Players Forward
Line #CenterWingPHYDFOFWanted %Time %Time Play
1Roope HintzBlake Coleman1405052%3:28
2Morgan FrostBrandon Saad1405048%3:09
Penalty Kill 4 Players Defense
Line #DefenseDefensePHYDFOFWanted %Time %Time Play
1Jonas SiegenthalerBrenden Dillon1405051%3:23
2Nicolas HagueNoah Dobson1405049%3:14
Penalty Kill 3 Players
Line #WingPHYDFOFWanted %Time %Time PlayDefenseDefensePHYDFOFWanted %Time %Time Play
1Roope Hintz140500%0:00 Noah DobsonBrenden Dillon140500%0:00
2Valeri Nichushkin140500%0:00 Jonas SiegenthalerNicolas Hague140500%0:00
4 vs 4 Forward
Line #CenterWingPHYDFOFWanted %Time %Time Play
1Jesperi KotkaniemiTanner Jeannot1225096%1:16
2Morgan FrostKeegan Kolesar122504%0:03
4 vs 4 Defense
Line #DefensePHYDFOFWanted %Time %Time Play
1Jonas SiegenthalerJake Sanderson0235096%50% - 1:16
2Nicolas HagueTravis Sanheim023504%50% - 0:03
Last Minutes Offensive
Left WingCenterRight WingDefenseDefense
Kirill KaprizovRoope HintzAndrei SvechnikovValeri NichushkinNoah Dobson
Last Minutes Defensive
Left WingCenterRight WingDefenseDefense
Blake ColemanMorgan FrostArtturi LehkonenJonas SiegenthalerBrenden Dillon
Time
Total ForwardTotal DefenseLast Minutes OffensiveLast Minutes Defensive
60:00 60:00 0:000:00
Extra Forwards
Normal PowerPlayPenalty Kill
Pavel Zacha, Blake Coleman, Jesperi KotkaniemiPavel Zacha, Valeri NichushkinArtturi Lehkonen
Extra Defensemen
Normal PowerPlayPenalty Kill
Noah Dobson, Jonas Siegenthaler, Jake SandersonTravis Sanheim, Nicolas HagueBrenden Dillon
Penalty Shots
Kirill Kaprizov, Roope Hintz, Valeri Nichushkin, Andrei Svechnikov, Artturi Lehkonen
Goalie
Tristan Jarry, Semyon Varlamov
Custom OT Lines Forwards
Kirill Kaprizov, Roope Hintz, Valeri Nichushkin, Andrei Svechnikov, Artturi Lehkonen, Blake Coleman, Pavel Zacha, Brandon Saad, Morgan Frost, Jesperi Kotkaniemi
Custom OT Lines Defensemen
Noah Dobson, Brenden Dillon, Jonas Siegenthaler, Nicolas Hague, Travis Sanheim
Scratches
Nicklaus Perbix (Healthy), Thomas Novak (Healthy), Martin Fehervary (Healthy), Morgan Geekie (Healthy)

Kings

5 vs 5 Forward
Line #Left WingCenterRight WingPHYDFOFWanted %Time %Time Play
1Kevin FialaAleksander BarkovPatrik Laine1223028%12:34
2William KarlssonAnze KopitarRickard Rakell1223028%12:55
3Ryan DonatoYanni GourdeMatvei Michkov1222723%10:36
4Michael McCarronGabriel VilardiKirill Marchenko1221321%9:22
5 vs 5 Defense
Line #DefenseDefensePHYDFOFWanted %Time %Time Play
1Noah HanifinVladislav Gavrikov1223634%15:33
2Gustav ForslingOscar Klefbom1223433%15:01
3Joel HanleyIlya Lyubushkin1223032%14:27
4Noah HanifinGustav Forsling12201%0:26
Power Play Forward
Line #Left WingCenterRight WingPHYDFOFWanted %Time %Time Play
1Kevin FialaAleksander BarkovRickard Rakell1135045%2:58
2William KarlssonAnze KopitarPatrik Laine1135055%3:39
Power Play Defense
Line #DefenseDefensePHYDFOFWanted %Time %Time Play
1Noah HanifinGustav Forsling1225052%3:28
2Vladislav GavrikovOscar Klefbom1225048%3:09
Penalty Kill 4 Players Forward
Line #CenterWingPHYDFOFWanted %Time %Time Play
1Anze KopitarWilliam Karlsson1225045%3:00
2Yanni GourdeRyan Donato1225055%3:37
Penalty Kill 4 Players Defense
Line #DefenseDefensePHYDFOFWanted %Time %Time Play
1Noah HanifinGustav Forsling1225049%3:13
2Vladislav GavrikovOscar Klefbom1225051%3:24
Penalty Kill 3 Players
Line #WingPHYDFOFWanted %Time %Time PlayDefenseDefensePHYDFOFWanted %Time %Time Play
1Anze Kopitar122500%0:00 Noah HanifinGustav Forsling122500%0:00
2Yanni Gourde122500%0:00 Vladislav GavrikovOscar Klefbom122500%0:00
4 vs 4 Forward
Line #CenterWingPHYDFOFWanted %Time %Time Play
1Aleksander BarkovAnze Kopitar1225030%0:24
2William KarlssonRickard Rakell1225070%0:55
4 vs 4 Defense
Line #DefensePHYDFOFWanted %Time %Time Play
1Noah HanifinGustav Forsling1225030%50% - 0:24
2Vladislav GavrikovOscar Klefbom1225070%50% - 0:55
Last Minutes Offensive
Left WingCenterRight WingDefenseDefense
Kevin FialaAleksander BarkovRickard RakellNoah HanifinGustav Forsling
Last Minutes Defensive
Left WingCenterRight WingDefenseDefense
Kevin FialaAleksander BarkovRickard RakellNoah HanifinGustav Forsling
Time
Total ForwardTotal DefenseLast Minutes OffensiveLast Minutes Defensive
60:00 60:00 0:000:00
Extra Forwards
Normal PowerPlayPenalty Kill
Matvei Michkov, Yanni Gourde, Gabriel VilardiYanni Gourde, Matvei MichkovGabriel Vilardi
Extra Defensemen
Normal PowerPlayPenalty Kill
Ilya Lyubushkin, Vladislav Gavrikov, Joel HanleyOscar Klefbom, Oscar KlefbomVladislav Gavrikov
Penalty Shots
Aleksander Barkov, Anze Kopitar, Kevin Fiala, Rickard Rakell, William Karlsson
Goalie
Anton Forsberg, Pheonix Copley
Custom OT Lines Forwards
Aleksander Barkov, Anze Kopitar, Kevin Fiala, Rickard Rakell, William Karlsson, Patrik Laine, Yanni Gourde, Gabriel Vilardi, Matvei Michkov, Ryan Donato
Custom OT Lines Defensemen
Noah Hanifin, Gustav Forsling, Vladislav Gavrikov, Oscar Klefbom, Ilya Lyubushkin
Scratches
Ben Hutton (Healthy), Nicolas Aube-Kubel (Healthy)


Play-by-Play

1st period


0:01 of 1st period - Patrik Laine wins face-off versus Roope Hintz in neutral zone.
0:04 of 1st period - Snap shot by Patrik Laine.
0:04 of 1st period - Shot Misses the Net.
0:06 of 1st period - Wrist shot by Aleksander Barkov.
0:06 of 1st period - Goal by Aleksander Barkov - Kraken : 0 - Kings : 1.
0:07 of 1st period - Valeri Nichushkin wins face-off versus Anze Kopitar in neutral zone.
0:34 of 1st period - Gustav Forsling is hit by Blake Coleman and loses puck.
0:57 of 1st period - Wrist shot by Tanner Jeannot.
0:57 of 1st period - Shot Misses the Net.
0:59 of 1st period - Snap shot by Tanner Jeannot.
0:59 of 1st period - Shot Blocked by Matvei Michkov.
1:01 of 1st period - Minor Penalty to Yanni Gourde for Hooking.
1:02 of 1st period - Anze Kopitar wins face-off versus Roope Hintz in Kings zone.
1:39 of 1st period - Valeri Nichushkin is hit by Gabriel Vilardi and loses puck.
1:44 of 1st period - Slapshot by Noah Hanifin.
1:44 of 1st period - Stopped by Tristan Jarry with a rebound.
2:35 of 1st period - Kirill Kaprizov is hit by Ryan Donato and loses puck.
2:46 of 1st period - Snap shot by Roope Hintz.
2:46 of 1st period - Stopped by Anton Forsberg without a rebound.
2:47 of 1st period - Morgan Frost wins face-off versus Aleksander Barkov in Kings zone.
2:50 of 1st period - Wrist shot by Pavel Zacha.
2:50 of 1st period - Shot Misses the Net.
2:52 of 1st period - Slapshot by Brandon Saad.
2:52 of 1st period - Shot Misses the Net.
2:54 of 1st period - Wrist shot by Pavel Zacha.
2:54 of 1st period - Shot Misses the Net.
2:56 of 1st period - Wrist shot by Pavel Zacha.
2:56 of 1st period - Deflect By Artturi Lehkonen.
2:56 of 1st period - Shot Blocked by Aleksander Barkov.
2:56 of 1st period - Puck is out of play.
2:57 of 1st period - Morgan Frost wins face-off versus Gabriel Vilardi in Kings zone.
3:00 of 1st period - Snap shot by Artturi Lehkonen.
3:00 of 1st period - Stopped by Anton Forsberg without a rebound.
3:01 of 1st period - Penalty to Yanni Gourde is over, Yanni Gourde is back on ice.
3:01 of 1st period - Morgan Frost wins face-off versus Aleksander Barkov in Kings zone.
3:02 of 1st period - Snap shot by Artturi Lehkonen.
3:02 of 1st period - Shot Blocked by Aleksander Barkov.
3:28 of 1st period - Nicolas Hague is hit by Michael McCarron and loses puck.
3:57 of 1st period - Morgan Frost is hit by Joel Hanley and loses puck.
4:06 of 1st period - Pavel Zacha is hit by Joel Hanley and loses puck.
4:27 of 1st period - Slapshot by Kirill Marchenko.
4:27 of 1st period - Shot Misses the Net.
4:29 of 1st period - Snap shot by Ilya Lyubushkin.
4:29 of 1st period - Shot Blocked by Pavel Zacha.
4:31 of 1st period - Slapshot by Ilya Lyubushkin.
4:31 of 1st period - Stopped by Tristan Jarry with a rebound.
4:53 of 1st period - Jake Sanderson is hit by Ilya Lyubushkin and loses puck.
5:18 of 1st period - Snap shot by Artturi Lehkonen.
5:18 of 1st period - Stopped by Anton Forsberg with a rebound.
6:01 of 1st period - Wrist shot by Artturi Lehkonen.
6:01 of 1st period - Shot Blocked by Gabriel Vilardi.
6:43 of 1st period - Travis Sanheim is hit by Joel Hanley and loses puck.
6:50 of 1st period - Slapshot by Kirill Marchenko.
6:50 of 1st period - Stopped by Tristan Jarry with a rebound.
6:52 of 1st period - Slapshot by Gabriel Vilardi.
6:52 of 1st period - Deflect By Michael McCarron.
6:52 of 1st period - Shot Misses the Net.
6:52 of 1st period - Puck is out of play.
6:53 of 1st period - Roope Hintz wins face-off versus Anze Kopitar in Kraken zone.
7:06 of 1st period - Snap shot by Roope Hintz.
7:06 of 1st period - Deflect By Andrei Svechnikov.
7:06 of 1st period - Shot Blocked by Rickard Rakell.
7:06 of 1st period - Puck is out of play.
7:07 of 1st period - Aleksander Barkov wins face-off versus Roope Hintz in Kings zone.
7:14 of 1st period - Wrist shot by Aleksander Barkov.
7:14 of 1st period - Stopped by Tristan Jarry with a rebound.
7:34 of 1st period - Vladislav Gavrikov is hit by Brenden Dillon and loses puck.
7:41 of 1st period - Snap shot by Nicolas Hague.
7:41 of 1st period - Stopped by Anton Forsberg without a rebound.
7:42 of 1st period - Yanni Gourde wins face-off versus Jesperi Kotkaniemi in Kings zone.
8:38 of 1st period - Roope Hintz is hit by Yanni Gourde and loses puck.
8:51 of 1st period - Jesperi Kotkaniemi is hit by Anze Kopitar.
8:55 of 1st period - Brenden Dillon is hit by Rickard Rakell.
9:12 of 1st period - Patrik Laine is hit by Noah Dobson and loses puck.
9:36 of 1st period - Nicolas Hague is hit by Kevin Fiala and loses puck.
9:47 of 1st period - Jonas Siegenthaler is hit by William Karlsson and loses puck.
10:16 of 1st period - Blake Coleman is hit by Gustav Forsling and loses puck.
11:56 of 1st period - Joel Hanley is hit by Nicolas Hague and loses puck.
12:09 of 1st period - Aleksander Barkov is hit by Brenden Dillon and loses puck.
13:08 of 1st period - Patrik Laine is hit by Jesperi Kotkaniemi and loses puck.
15:32 of 1st period - Anze Kopitar is hit by Morgan Frost.
16:49 of 1st period - Noah Dobson is hit by Yanni Gourde and loses puck.
17:30 of 1st period - Valeri Nichushkin is hit by Kirill Marchenko and loses puck.
18:26 of 1st period - Icing by Tanner Jeannot.
18:27 of 1st period - Aleksander Barkov wins face-off versus Jesperi Kotkaniemi in Kraken zone.
18:30 of 1st period - Snap shot by Anze Kopitar.
18:30 of 1st period - Stopped by Tristan Jarry without a rebound.
18:31 of 1st period - Anze Kopitar wins face-off versus Blake Coleman in Kraken zone.
18:36 of 1st period - Snap shot by Anze Kopitar.
18:36 of 1st period - Stopped by Tristan Jarry with a rebound.
19:04 of 1st period - Snap shot by Artturi Lehkonen.
19:04 of 1st period - Stopped by Anton Forsberg without a rebound.
19:05 of 1st period - Aleksander Barkov wins face-off versus Pavel Zacha in Kings zone.
19:05 of 1st period - Aleksander Barkov is hit by Brenden Dillon.
19:35 of 1st period - Wrist shot by Artturi Lehkonen.
19:35 of 1st period - Stopped by Anton Forsberg with a rebound.
19:37 of 1st period - Snap shot by Artturi Lehkonen.
19:37 of 1st period - Shot Blocked by Gustav Forsling.
19:39 of 1st period - Snap shot by Artturi Lehkonen.
19:39 of 1st period - Stopped by Anton Forsberg with a rebound.
19:53 of 1st period - Wrist shot by Artturi Lehkonen.
19:53 of 1st period - Stopped by Anton Forsberg with a rebound.
Goals for this period are 0 for Kraken vs 1 for Kings.
Shots for this period are 8 for Kraken vs 7 for Kings.

2nd period


0:01 of 2nd period - Anze Kopitar wins face-off versus Morgan Frost in neutral zone.
0:06 of 2nd period - Snap shot by Anze Kopitar.
0:06 of 2nd period - Shot Misses the Net.
0:08 of 2nd period - Slapshot by Anze Kopitar.
0:08 of 2nd period - Stopped by Tristan Jarry with a rebound.
0:10 of 2nd period - Snap shot by Anze Kopitar.
0:10 of 2nd period - Shot Misses the Net.
0:22 of 2nd period - Minor Penalty to Vladislav Gavrikov for Interference.
0:23 of 2nd period - Anze Kopitar wins face-off versus Morgan Frost in Kings zone.
0:23 of 2nd period - Anze Kopitar is hit by Artturi Lehkonen.
2:22 of 2nd period - Penalty to Vladislav Gavrikov is over, Vladislav Gavrikov is back on ice.
2:28 of 2nd period - Slapshot by Blake Coleman.
2:28 of 2nd period - Stopped by Anton Forsberg with a rebound.
3:37 of 2nd period - Valeri Nichushkin is hit by Aleksander Barkov and loses puck.
4:48 of 2nd period - Nicolas Hague is hit by Kevin Fiala.
5:13 of 2nd period - Tanner Jeannot is hit by Anze Kopitar.
5:23 of 2nd period - Artturi Lehkonen is hit by Noah Hanifin and loses puck.
5:38 of 2nd period - Backhand shot by Aleksander Barkov.
5:38 of 2nd period - Shot Misses the Net.
6:08 of 2nd period - Rickard Rakell is hit by Brandon Saad and loses puck.
6:22 of 2nd period - Off-side.
6:23 of 2nd period - Valeri Nichushkin wins face-off versus Gabriel Vilardi in neutral zone.
6:30 of 2nd period - Wrist shot by Artturi Lehkonen.
6:30 of 2nd period - Stopped by Anton Forsberg with a rebound.
6:32 of 2nd period - Slapshot by Nicolas Hague.
6:32 of 2nd period - Deflect By Oscar Klefbom.
6:32 of 2nd period - Stopped by Anton Forsberg without a rebound.
6:33 of 2nd period - Anze Kopitar wins face-off versus Morgan Frost in Kings zone.
6:42 of 2nd period - Wrist shot by Anze Kopitar.
6:42 of 2nd period - Shot Misses the Net.
6:48 of 2nd period - Slapshot by Nicolas Hague.
6:48 of 2nd period - Deflect By Rickard Rakell.
6:48 of 2nd period - Stopped by Anton Forsberg without a rebound.
6:49 of 2nd period - Yanni Gourde wins face-off versus Roope Hintz in Kings zone.
6:49 of 2nd period - Yanni Gourde is hit by Andrei Svechnikov.
7:15 of 2nd period - Noah Dobson is hit by William Karlsson and loses puck.
7:34 of 2nd period - Minor Penalty to Jonas Siegenthaler for Holding.
7:35 of 2nd period - Aleksander Barkov wins face-off versus Roope Hintz in Kraken zone.
7:48 of 2nd period - Wrist shot by Aleksander Barkov.
7:48 of 2nd period - Stopped by Tristan Jarry without a rebound.
7:49 of 2nd period - Anze Kopitar wins face-off versus Morgan Frost in Kraken zone.
9:22 of 2nd period - Snap shot by Patrik Laine.
9:22 of 2nd period - Shot Misses the Net.
9:34 of 2nd period - Penalty to Jonas Siegenthaler is over, Jonas Siegenthaler is back on ice.
9:34 of 2nd period - Slapshot by Noah Hanifin.
9:34 of 2nd period - Shot Misses the Net.
9:46 of 2nd period - Wrist shot by Andrei Svechnikov.
9:46 of 2nd period - Stopped by Anton Forsberg without a rebound.
9:47 of 2nd period - Yanni Gourde wins face-off versus Pavel Zacha in Kings zone.
10:02 of 2nd period - Joel Hanley is hit by Artturi Lehkonen and loses puck.
10:25 of 2nd period - Jesperi Kotkaniemi is hit by Kirill Marchenko and loses puck.
11:03 of 2nd period - Blake Coleman is hit by Vladislav Gavrikov and loses puck.
11:26 of 2nd period - Andrei Svechnikov is hit by Michael McCarron and loses puck.
11:48 of 2nd period - Jesperi Kotkaniemi is hit by Kevin Fiala and loses puck.
12:14 of 2nd period - Off-side.
12:15 of 2nd period - Yanni Gourde wins face-off versus Pavel Zacha in neutral zone.
12:30 of 2nd period - Noah Hanifin is hit by Noah Dobson and loses puck.
13:20 of 2nd period - Snap shot by Aleksander Barkov.
13:20 of 2nd period - Shot Misses the Net.
13:32 of 2nd period - Pavel Zacha is hit by Oscar Klefbom and loses puck.
13:51 of 2nd period - Snap shot by Morgan Frost.
13:51 of 2nd period - Shot Misses the Net.
13:53 of 2nd period - Snap shot by Brenden Dillon.
13:53 of 2nd period - Stopped by Anton Forsberg with a rebound.
13:55 of 2nd period - Slapshot by Noah Dobson.
13:55 of 2nd period - Stopped by Anton Forsberg without a rebound.
13:56 of 2nd period - Morgan Frost wins face-off versus Anze Kopitar in Kings zone.
13:59 of 2nd period - Snap shot by Blake Coleman.
13:59 of 2nd period - Stopped by Anton Forsberg with a rebound.
14:21 of 2nd period - Kevin Fiala is hit by Andrei Svechnikov and loses puck.
14:30 of 2nd period - Wrist shot by Roope Hintz.
14:30 of 2nd period - Stopped by Anton Forsberg with a rebound.
14:32 of 2nd period - Wrist shot by Andrei Svechnikov.
14:32 of 2nd period - Stopped by Anton Forsberg with a rebound.
14:50 of 2nd period - Slapshot by Matvei Michkov.
14:50 of 2nd period - Shot Blocked by Artturi Lehkonen.
14:52 of 2nd period - Wrist shot by Ryan Donato.
14:52 of 2nd period - Goal by Ryan Donato - Kraken : 0 - Kings : 2.
14:53 of 2nd period - Morgan Frost wins face-off versus Anze Kopitar in neutral zone.
15:25 of 2nd period - Wrist shot by Valeri Nichushkin.
15:25 of 2nd period - Shot Misses the Net.
15:27 of 2nd period - Slapshot by Brenden Dillon.
15:27 of 2nd period - Stopped by Anton Forsberg with a rebound.
15:29 of 2nd period - Snap shot by Pavel Zacha.
15:29 of 2nd period - Stopped by Anton Forsberg with a rebound.
15:31 of 2nd period - Backhand shot by Pavel Zacha.
15:31 of 2nd period - Shot Misses the Net.
15:41 of 2nd period - Andrei Svechnikov is hit by Kevin Fiala and loses puck.
15:47 of 2nd period - Jake Sanderson is hit by Joel Hanley and loses puck.
16:08 of 2nd period - Ilya Lyubushkin is hit by Keegan Kolesar and loses puck.
16:28 of 2nd period - Wrist shot by Nicolas Hague.
16:28 of 2nd period - Stopped by Anton Forsberg without a rebound.
16:29 of 2nd period - Roope Hintz wins face-off versus Aleksander Barkov in Kings zone.
16:36 of 2nd period - Snap shot by Roope Hintz.
16:36 of 2nd period - Stopped by Anton Forsberg with a rebound.
16:38 of 2nd period - Slapshot by Noah Dobson.
16:38 of 2nd period - Shot Misses the Net.
16:40 of 2nd period - Slapshot by Roope Hintz.
16:40 of 2nd period - Shot Misses the Net.
17:20 of 2nd period - Wrist shot by Jesperi Kotkaniemi.
17:20 of 2nd period - Shot Misses the Net.
17:22 of 2nd period - Snap shot by Keegan Kolesar.
17:22 of 2nd period - Shot Misses the Net.
17:26 of 2nd period - Slapshot by Tanner Jeannot.
17:26 of 2nd period - Stopped by Anton Forsberg with a rebound.
17:28 of 2nd period - Slapshot by Keegan Kolesar.
17:28 of 2nd period - Shot Blocked by Noah Hanifin.
17:30 of 2nd period - Snap shot by Tanner Jeannot.
17:30 of 2nd period - Shot Misses the Net.
17:32 of 2nd period - Wrist shot by Jesperi Kotkaniemi.
17:32 of 2nd period - Shot Misses the Net.
17:44 of 2nd period - Wrist shot by William Karlsson.
17:44 of 2nd period - Shot Blocked by Nicolas Hague.
17:46 of 2nd period - Slapshot by Vladislav Gavrikov.
17:46 of 2nd period - Deflect By Blake Coleman.
17:46 of 2nd period - Stopped by Tristan Jarry with a rebound.
17:48 of 2nd period - Snap shot by Rickard Rakell.
17:48 of 2nd period - Deflect By William Karlsson.
17:48 of 2nd period - Goal by William Karlsson - Kraken : 0 - Kings : 3.
17:49 of 2nd period - Morgan Frost wins face-off versus Anze Kopitar in neutral zone.
17:52 of 2nd period - Snap shot by Noah Dobson.
17:52 of 2nd period - Shot Blocked by Gustav Forsling.
17:54 of 2nd period - Wrist shot by Noah Dobson.
17:54 of 2nd period - Shot Misses the Net.
17:56 of 2nd period - Snap shot by Blake Coleman.
17:56 of 2nd period - Shot Blocked by Rickard Rakell.
17:58 of 2nd period - Slapshot by Brenden Dillon.
17:58 of 2nd period - Shot Misses the Net.
18:00 of 2nd period - Slapshot by Morgan Frost.
18:00 of 2nd period - Stopped by Anton Forsberg without a rebound.
18:01 of 2nd period - Anze Kopitar wins face-off versus Morgan Frost in Kings zone.
18:06 of 2nd period - Slapshot by Blake Coleman.
18:06 of 2nd period - Goal by Blake Coleman - Kraken : 1 - Kings : 3.
18:07 of 2nd period - Anze Kopitar wins face-off versus Brandon Saad in neutral zone.
18:36 of 2nd period - Noah Dobson is hit by Kevin Fiala and loses puck.
18:43 of 2nd period - Slapshot by Brandon Saad.
18:43 of 2nd period - Shot Misses the Net.
18:45 of 2nd period - Wrist shot by Blake Coleman.
18:45 of 2nd period - Stopped by Anton Forsberg with a rebound.
18:47 of 2nd period - Slapshot by Brenden Dillon.
18:47 of 2nd period - Stopped by Anton Forsberg with a rebound.
18:49 of 2nd period - Slapshot by Brenden Dillon.
18:49 of 2nd period - Stopped by Anton Forsberg with a rebound.
18:51 of 2nd period - Wrist shot by Blake Coleman.
18:51 of 2nd period - Shot Blocked by Gustav Forsling.
18:53 of 2nd period - Snap shot by Brandon Saad.
18:53 of 2nd period - Stopped by Anton Forsberg with a rebound.
18:55 of 2nd period - Slapshot by Brenden Dillon.
18:55 of 2nd period - Shot Blocked by Aleksander Barkov.
19:03 of 2nd period - Wrist shot by Blake Coleman.
19:03 of 2nd period - Shot Blocked by Patrik Laine.
19:10 of 2nd period - Minor Penalty to Gustav Forsling for Interference.
19:11 of 2nd period - Roope Hintz wins face-off versus Anze Kopitar in Kings zone.
19:19 of 2nd period - Wrist shot by Roope Hintz.
19:19 of 2nd period - Shot Blocked by Noah Hanifin.
19:49 of 2nd period - Ryan Donato is hit by Travis Sanheim.
19:55 of 2nd period - Roope Hintz is hit by Yanni Gourde and loses puck.
Goals for this period are 1 for Kraken vs 2 for Kings.
Shots for this period are 21 for Kraken vs 5 for Kings.

3rd period


0:01 of 3rd period - Anze Kopitar wins face-off versus Morgan Frost in neutral zone.
1:10 of 3rd period - Penalty to Gustav Forsling is over, Gustav Forsling is back on ice.
1:17 of 3rd period - Wrist shot by Aleksander Barkov.
1:17 of 3rd period - Stopped by Tristan Jarry with a rebound.
1:19 of 3rd period - Slapshot by Ilya Lyubushkin.
1:19 of 3rd period - Shot Blocked by Tanner Jeannot.
1:21 of 3rd period - Backhand shot by Ilya Lyubushkin.
1:21 of 3rd period - Stopped by Tristan Jarry without a rebound.
1:22 of 3rd period - Aleksander Barkov wins face-off versus Jesperi Kotkaniemi in Kraken zone.
1:33 of 3rd period - Snap shot by Kevin Fiala.
1:33 of 3rd period - Goal by Kevin Fiala - Kraken : 1 - Kings : 4.
1:34 of 3rd period - Anze Kopitar wins face-off versus Morgan Frost in neutral zone.
1:42 of 3rd period - Slapshot by Brandon Saad.
1:42 of 3rd period - Deflect By Blake Coleman.
1:42 of 3rd period - Shot Misses the Net.
1:42 of 3rd period - Puck is out of play.
1:43 of 3rd period - Morgan Frost wins face-off versus Anze Kopitar in Kings zone.
2:00 of 3rd period - Slapshot by Blake Coleman.
2:00 of 3rd period - Shot Blocked by William Karlsson.
2:04 of 3rd period - Snap shot by Blake Coleman.
2:04 of 3rd period - Shot Blocked by Vladislav Gavrikov.
2:06 of 3rd period - Snap shot by Brandon Saad.
2:06 of 3rd period - Shot Blocked by William Karlsson.
2:08 of 3rd period - Slapshot by Brenden Dillon.
2:08 of 3rd period - Shot Blocked by Vladislav Gavrikov.
2:10 of 3rd period - Snap shot by Morgan Frost.
2:10 of 3rd period - Stopped by Anton Forsberg with a rebound.
2:12 of 3rd period - Snap shot by Blake Coleman.
2:12 of 3rd period - Stopped by Anton Forsberg without a rebound.
2:13 of 3rd period - Yanni Gourde wins face-off versus Roope Hintz in Kings zone.
2:18 of 3rd period - Snap shot by Matvei Michkov.
2:18 of 3rd period - Deflect By Roope Hintz.
2:18 of 3rd period - Shot Misses the Net.
2:18 of 3rd period - Puck is out of play.
2:19 of 3rd period - Yanni Gourde wins face-off versus Roope Hintz in Kraken zone.
2:22 of 3rd period - Slapshot by Yanni Gourde.
2:22 of 3rd period - Stopped by Tristan Jarry with a rebound.
2:26 of 3rd period - Wrist shot by Matvei Michkov.
2:26 of 3rd period - Stopped by Tristan Jarry without a rebound.
2:27 of 3rd period - Matvei Michkov wins face-off versus Roope Hintz in Kraken zone.
2:34 of 3rd period - Snap shot by Yanni Gourde.
2:34 of 3rd period - Stopped by Tristan Jarry without a rebound.
2:35 of 3rd period - Roope Hintz wins face-off versus Ryan Donato in Kraken zone.
2:42 of 3rd period - Wrist shot by Matvei Michkov.
2:42 of 3rd period - Stopped by Tristan Jarry with a rebound.
2:44 of 3rd period - Snap shot by Matvei Michkov.
2:44 of 3rd period - Shot Blocked by Andrei Svechnikov.
2:46 of 3rd period - Snap shot by Matvei Michkov.
2:46 of 3rd period - Shot Misses the Net.
2:48 of 3rd period - Wrist shot by Matvei Michkov.
2:48 of 3rd period - Shot Blocked by Roope Hintz.
3:10 of 3rd period - Snap shot by Brandon Saad.
3:10 of 3rd period - Stopped by Anton Forsberg without a rebound.
3:11 of 3rd period - Pavel Zacha wins face-off versus Yanni Gourde in Kings zone.
3:18 of 3rd period - Wrist shot by Yanni Gourde.
3:18 of 3rd period - Shot Misses the Net.
3:20 of 3rd period - Snap shot by Ryan Donato.
3:20 of 3rd period - Stopped by Tristan Jarry without a rebound.
3:21 of 3rd period - Pavel Zacha wins face-off versus Yanni Gourde in Kraken zone.
3:31 of 3rd period - Snap shot by Yanni Gourde.
3:31 of 3rd period - Shot Misses the Net.
3:33 of 3rd period - Snap shot by Yanni Gourde.
3:33 of 3rd period - Stopped by Tristan Jarry without a rebound.
3:34 of 3rd period - Anze Kopitar wins face-off versus Blake Coleman in Kraken zone.
3:39 of 3rd period - Wrist shot by William Karlsson.
3:39 of 3rd period - Deflect By Anze Kopitar.
3:39 of 3rd period - Stopped by Tristan Jarry without a rebound.
3:40 of 3rd period - Anze Kopitar wins face-off versus Morgan Frost in Kraken zone.
3:51 of 3rd period - Snap shot by Anze Kopitar.
3:51 of 3rd period - Stopped by Tristan Jarry without a rebound.
3:52 of 3rd period - Anze Kopitar wins face-off versus Roope Hintz in Kraken zone.
3:53 of 3rd period - Wrist shot by Rickard Rakell.
3:53 of 3rd period - Stopped by Tristan Jarry without a rebound.
3:54 of 3rd period - Roope Hintz wins face-off versus Anze Kopitar in Kraken zone.
4:09 of 3rd period - Wrist shot by Rickard Rakell.
4:09 of 3rd period - Stopped by Tristan Jarry without a rebound.
4:10 of 3rd period - Yanni Gourde wins face-off versus Morgan Frost in Kraken zone.
4:11 of 3rd period - Slapshot by Matvei Michkov.
4:11 of 3rd period - Shot Misses the Net.
4:13 of 3rd period - Wrist shot by Matvei Michkov.
4:13 of 3rd period - Stopped by Tristan Jarry without a rebound.
4:14 of 3rd period - Brandon Saad wins face-off versus Yanni Gourde in Kraken zone.
4:14 of 3rd period - Brandon Saad is hit by Ilya Lyubushkin.
4:47 of 3rd period - Wrist shot by William Karlsson.
4:47 of 3rd period - Stopped by Tristan Jarry without a rebound.
4:48 of 3rd period - Anze Kopitar wins face-off versus Pavel Zacha in Kraken zone.
4:53 of 3rd period - Wrist shot by Rickard Rakell.
4:53 of 3rd period - Shot Misses the Net.
4:55 of 3rd period - Slapshot by Vladislav Gavrikov.
4:55 of 3rd period - Stopped by Tristan Jarry with a rebound.
4:57 of 3rd period - Snap shot by William Karlsson.
4:57 of 3rd period - Stopped by Tristan Jarry with a rebound.
4:59 of 3rd period - Snap shot by William Karlsson.
4:59 of 3rd period - Stopped by Tristan Jarry with a rebound.
5:11 of 3rd period - Minor Penalty to Nicolas Hague for Holding.
5:12 of 3rd period - Morgan Frost wins face-off versus Aleksander Barkov in Kraken zone.
5:51 of 3rd period - Minor Penalty to Oscar Klefbom for Interference.
5:52 of 3rd period - Jesperi Kotkaniemi wins face-off versus Aleksander Barkov in Kings zone.
6:12 of 3rd period - Icing by Jonas Siegenthaler.
6:13 of 3rd period - William Karlsson wins face-off versus Jesperi Kotkaniemi in Kraken zone.
6:49 of 3rd period - Snap shot by Jesperi Kotkaniemi.
6:49 of 3rd period - Shot Misses the Net.
6:51 of 3rd period - Wrist shot by Tanner Jeannot.
6:51 of 3rd period - Stopped by Anton Forsberg with a rebound.
6:55 of 3rd period - Snap shot by Jesperi Kotkaniemi.
6:55 of 3rd period - Stopped by Anton Forsberg with a rebound.
7:05 of 3rd period - Snap shot by Jesperi Kotkaniemi.
7:05 of 3rd period - Shot Misses the Net.
7:07 of 3rd period - Snap shot by Tanner Jeannot.
7:07 of 3rd period - Stopped by Anton Forsberg without a rebound.
7:08 of 3rd period - Aleksander Barkov wins face-off versus Morgan Frost in Kings zone.
7:11 of 3rd period - Penalty to Nicolas Hague is over, Nicolas Hague is back on ice.
7:21 of 3rd period - Slapshot by Gustav Forsling.
7:21 of 3rd period - Shot Misses the Net.
7:29 of 3rd period - Slapshot by Travis Sanheim.
7:29 of 3rd period - Deflect By Nicolas Hague.
7:29 of 3rd period - Shot Misses the Net.
7:29 of 3rd period - Puck is out of play.
7:30 of 3rd period - Roope Hintz wins face-off versus Yanni Gourde in Kings zone.
7:51 of 3rd period - Penalty to Oscar Klefbom is over, Oscar Klefbom is back on ice.
9:00 of 3rd period - Snap shot by Matvei Michkov.
9:00 of 3rd period - Shot Misses the Net.
9:10 of 3rd period - Slapshot by Yanni Gourde.
9:10 of 3rd period - Stopped by Tristan Jarry without a rebound.
9:11 of 3rd period - Aleksander Barkov wins face-off versus Artturi Lehkonen in Kraken zone.
9:30 of 3rd period - Minor Penalty to Pavel Zacha for Tripping.
9:31 of 3rd period - Morgan Frost wins face-off versus Aleksander Barkov in Kraken zone.
10:02 of 3rd period - Slapshot by Brandon Saad.
10:02 of 3rd period - Stopped by Anton Forsberg without a rebound.
10:03 of 3rd period - Patrik Laine wins face-off versus Morgan Frost in Kings zone.
11:00 of 3rd period - Wrist shot by Blake Coleman.
11:00 of 3rd period - Deflect By Roope Hintz.
11:00 of 3rd period - Stopped by Anton Forsberg without a rebound.
11:01 of 3rd period - Patrik Laine wins face-off versus Roope Hintz in Kings zone.
11:22 of 3rd period - Slapshot by Noah Hanifin.
11:22 of 3rd period - Stopped by Tristan Jarry without a rebound.
11:23 of 3rd period - Roope Hintz wins face-off versus Anze Kopitar in Kraken zone.
11:23 of 3rd period - Roope Hintz is hit by William Karlsson.
11:30 of 3rd period - Penalty to Pavel Zacha is over, Pavel Zacha is back on ice.
11:57 of 3rd period - Ryan Donato is hit by Kirill Kaprizov.
12:15 of 3rd period - Snap shot by Tanner Jeannot.
12:15 of 3rd period - Stopped by Anton Forsberg without a rebound.
12:16 of 3rd period - Morgan Frost wins face-off versus Gabriel Vilardi in Kings zone.
12:29 of 3rd period - Slapshot by Blake Coleman.
12:29 of 3rd period - Stopped by Anton Forsberg with a rebound.
12:31 of 3rd period - Wrist shot by Blake Coleman.
12:31 of 3rd period - Shot Hit the Post.
13:05 of 3rd period - Andrei Svechnikov is hit by Kevin Fiala and loses puck.
13:31 of 3rd period - Snap shot by Andrei Svechnikov.
13:31 of 3rd period - Stopped by Anton Forsberg without a rebound.
13:32 of 3rd period - Morgan Frost wins face-off versus Anze Kopitar in Kings zone.
13:45 of 3rd period - Snap shot by Anze Kopitar.
13:45 of 3rd period - Shot Misses the Net.
13:57 of 3rd period - Ryan Donato is hit by Artturi Lehkonen and loses puck.
14:04 of 3rd period - Slapshot by Valeri Nichushkin.
14:04 of 3rd period - Stopped by Anton Forsberg with a rebound.
14:06 of 3rd period - Slapshot by Travis Sanheim.
14:06 of 3rd period - Shot Blocked by Vladislav Gavrikov.
14:24 of 3rd period - Kirill Marchenko is hit by Jesperi Kotkaniemi.
15:24 of 3rd period - Artturi Lehkonen is hit by Oscar Klefbom and loses puck.
15:37 of 3rd period - Jonas Siegenthaler is hit by Michael McCarron and loses puck.
15:54 of 3rd period - Jonas Siegenthaler is hit by Anze Kopitar and loses puck.
16:23 of 3rd period - Snap shot by Roope Hintz.
16:23 of 3rd period - Stopped by Anton Forsberg with a rebound.
16:57 of 3rd period - Snap shot by Jesperi Kotkaniemi.
16:57 of 3rd period - Stopped by Anton Forsberg without a rebound.
16:58 of 3rd period - Jesperi Kotkaniemi wins face-off versus Gabriel Vilardi in Kings zone.
17:07 of 3rd period - Snap shot by Jesperi Kotkaniemi.
17:07 of 3rd period - Stopped by Anton Forsberg with a rebound.
17:09 of 3rd period - Slapshot by Noah Dobson.
17:09 of 3rd period - Shot Misses the Net.
17:11 of 3rd period - Snap shot by Brenden Dillon.
17:11 of 3rd period - Stopped by Anton Forsberg without a rebound.
17:12 of 3rd period - Anze Kopitar wins face-off versus Brandon Saad in Kings zone.
17:21 of 3rd period - Wrist shot by Morgan Frost.
17:21 of 3rd period - Deflect By Brandon Saad.
17:21 of 3rd period - Stopped by Anton Forsberg with a rebound.
17:23 of 3rd period - Snap shot by Blake Coleman.
17:23 of 3rd period - Deflect By Brandon Saad.
17:23 of 3rd period - Stopped by Anton Forsberg without a rebound.
17:24 of 3rd period - Valeri Nichushkin wins face-off versus Anze Kopitar in Kings zone.
17:33 of 3rd period - Wrist shot by Valeri Nichushkin.
17:33 of 3rd period - Stopped by Anton Forsberg without a rebound.
17:34 of 3rd period - Anze Kopitar wins face-off versus Pavel Zacha in Kings zone.
17:44 of 3rd period - Minor Penalty to Artturi Lehkonen for Holding.
17:45 of 3rd period - Morgan Frost wins face-off versus Aleksander Barkov in Kraken zone.
17:57 of 3rd period - Wrist shot by Aleksander Barkov.
17:57 of 3rd period - Shot Misses the Net.
17:59 of 3rd period - Slapshot by Vladislav Gavrikov.
17:59 of 3rd period - Shot Misses the Net.
18:57 of 3rd period - Morgan Frost is hit by Oscar Klefbom and loses puck.
19:02 of 3rd period - Backhand shot by Kevin Fiala.
19:02 of 3rd period - Shot Blocked by Jonas Siegenthaler.
19:04 of 3rd period - Snap shot by Noah Hanifin.
19:04 of 3rd period - Deflect By Aleksander Barkov.
19:04 of 3rd period - Stopped by Tristan Jarry without a rebound.
19:05 of 3rd period - Morgan Frost wins face-off versus Anze Kopitar in Kraken zone.
19:20 of 3rd period - Wrist shot by William Karlsson.
19:20 of 3rd period - Stopped by Tristan Jarry with a rebound.
19:22 of 3rd period - Slapshot by Noah Hanifin.
19:22 of 3rd period - Deflect By William Karlsson.
19:22 of 3rd period - Shot Misses the Net.
19:22 of 3rd period - Puck is out of play.
19:23 of 3rd period - Anze Kopitar wins face-off versus Roope Hintz in Kraken zone.
19:44 of 3rd period - Penalty to Artturi Lehkonen is over, Artturi Lehkonen is back on ice.
Goals for this period are 0 for Kraken vs 1 for Kings.
Shots for this period are 19 for Kraken vs 22 for Kings.